 Dungeon Crawl Stone Soup version 0.27-a0-170-g607d9e9d85 (webtiles) character file.

Game seed: 3437721569432263290

198 kae the Ruffian (level 5, -2/42 HPs)
             Began as a Draconian Transmuter on Jan 28, 2021.
             Slain by a gnoll
             ... wielding a +0 spear
              (7 damage)
             ... on level 4 of the Dungeon.
             The game lasted 00:02:23 (2678 turns).

kae the Ruffian (Draconian Transmuter)              Turns: 2678, Time: 00:02:24

Health: -2/42      AC:  2    Str: 13    XL:     5   Next: 47%
Magic:  1/8        EV: 20    Int: 13    God:
Gold:   133        SH:  0    Dex: 17    Spells: 5/9 levels left

rFire    . . .     SeeInvis .     - Unarmed
rCold    . . .     Faith    .   (shield currently unavailable)
rNeg     . . .     Spirit   .   (armour unavailable)
rPois    x         Reflect  .   (helmet currently unavailable)
rElec    .         Harm     .   (cloak currently unavailable)
rCorr    .         Rampage  .   (gloves currently unavailable)
Will     +....                  (boots currently unavailable)
Stlth    ++........             (no amulet)
HPRegen  0.14/turn              k - ring of flight
MPRegen  0.11/turn              l - ring of willpower

@: spider-form (expiring), berserk cooldown, slowed, very slow
A: tiny, unfitting armour, AC +5
a: End Transformation, Evoke Flight


You were on level 4 of the Dungeon.
You were a venomous arachnid creature.
You visited 1 branch of the dungeon, and saw 4 of its levels.

You collected 133 gold pieces.

Inventory:

Jewellery
 k - a ring of flight (left front leg)
 l - a ring of willpower (right front leg)
Scrolls
 a - a scroll of teleportation
 h - a scroll of amnesia
 i - a scroll of remove curse
Potions
 b - a potion of magic
 d - 3 potions of curing
 e - a potion of degeneration
 f - a potion of berserk rage
 g - a potion of attraction {unknown}
 j - a potion of lignification {unknown}


   Skills:
 + Level 2.3 Fighting
 + Level 2.4 Dodging
 * Level 4.2 Unarmed Combat
 + Level 2.6 Spellcasting
 + Level 2.7 Transmutations
 * Level 1.9 Poison Magic


You had 5 spell levels left.
You knew the following spells:

 Your Spells              Type           Power        Failure   Level
a - Beastly Appendage     Tmut           16%          21%         1
b - Spider Form           Tmut/Pois      3%           47%         3

Your spell library contained the following spells:

 Spells                   Type           Power        Failure   Level
 Wereblood                Tmut           8%           28%         2
 Ice Form                 Ice/Tmut       5%           92%         4
 Blade Hands              Tmut           4%           98%         5


Dungeon Overview and Level Annotations

Branches:
Dungeon (4/15)
 Temple: D:4-7

Altars:
Elyvilon
Qazlal
Wu Jian

Annotations:
D:4 Grinder


Innate Abilities, Weirdness & Mutations

((Your plain brown scales are hard. (AC +5)))
You cannot fit into any form of body armour.
((You are cold-blooded and may be slowed by cold attacks.))


Message History

You turn into a venomous arachnid creature.
The gnoll shaman shouts!
The gnoll misses you.
A gnoll comes into view. It is wielding a +0 spear.
The gnoll completely misses you. x2; The gnoll hits you with a +0 spear!
* * * LOW HITPOINT WARNING * * *
You barely miss the gnoll.
The gnoll shouts!
The gnoll throws a throwing net.
The throwing net closely misses you.
The gnoll hits you from afar with a +0 spear.
* * * LOW HITPOINT WARNING * * *
The gnoll completely misses you. The gnoll misses you.
The gnoll barely misses you. The gnoll closely misses you.
Your transformation is almost over.
The gnoll shaman invokes the aid of its god against you.
You resist with almost no effort.
There is a stone staircase leading up here.
The gnoll barely misses you.
The gnoll hits you from afar with a +0 spear!
You die...

## ## #. ### .. ....# ### #.
[#.### #.. #... .... #.#
#..###.###.# ###'#
#...g.s....# #.... ##
#.##g#.##### #####....
####.###...(#.# #........
........gg..#.# #.......#
#....##..#.# ######.......#
#...<.#..#.# #.......)....#
......go.#..#.###....#########
........5#..#.......)........#
...g.....#..#####....#.$.###.#


You could see a gnoll shaman and 3 gnolls.

Vanquished Creatures
  An ogre (D:4)
  2 orc priests (D:3)
  An adder (D:2)
  2 leopard geckos
  2 orcs (D:4)
  4 bats
  2 giant cockroaches
  3 goblins (D:1)
  6 hobgoblins
  8 kobolds
  2 quokkas
  2 frilled lizards
  3 rats
38 creatures vanquished.

Notes
Turn   | Place    | Note
-------+----------+-------------------------------------------
     0 | D:1      | kae the Draconian Transmuter began the quest for the Orb.
     0 | D:1      | Reached XP level 1. HP: 16/16 MP: 3/3
   269 | D:1      | Reached XP level 2. HP: 23/23 MP: 3/5
   645 | D:1      | You fall into a shaft and drop 1 floor!
   687 | D:2      | Found an ornate altar of the Wu Jian Council.
   767 | D:2      | Found a stormy altar of Qazlal.
   818 | D:2      | Found a white marble altar of Elyvilon.
  1015 | D:2      | Reached XP level 3. HP: 20/29 MP: 6/6
  1029 | D:2      | Learned a level 3 spell: Spider Form
  2339 | D:4      | Noticed Grinder
  2348 | D:3      | Reached skill level 1 in Poison Magic
  2348 | D:3      | Reached XP level 4. HP: 24/36 MP: 3/7
  2636 | D:4      | Noticed an ogre
  2643 | D:4      | Killed an ogre
  2644 | D:4      | Reached skill level 4 in Unarmed Combat
  2644 | D:4      | Reached XP level 5. HP: 14/41 MP: 0/8
  2678 | D:4      | Slain by a gnoll

Illustrated notes

Levels and vault maps discovered:
D:1:      eino_arrival_druids_welcome, layout_rooms, nrook_mini_backslash
D:2:      layout_loops_ring, grunt_qazlal_clouds, lemuel_coloured_pillars_altar,
          elyvilon_altar_5
D:3:      layout_loops_ring
D:4:      layout_basic, grunt_dithmenos_shadows, gup_sewer_entry_bowl,
          uniq_grinder

Skill      XL: |  1  2  3  4 |
---------------+-------------+-----
Dodging        | 2 |  2.4
Fighting       | 2 |  2.3
Poison Magic   | 1 |  1.9
Unarmed Combat | 4 |  4.2
Spellcasting   | |  2.6
Transmutations | |  2.7

Action                   |  1- 3 |  4- 6 || total
-------------------------+-------+-------++-------
Melee: Unarmed           |   107 |    15 ||   122
       Kick              |    11 |       ||    11
       Headbutt          |     8 |       ||     8
       Tailslap          |     6 |     1 ||     7
 Cast: Beastly Appendage |    21 |       ||    21
       Spider Form       |     1 |     3 ||     4
  Use: Scroll            |     7 |     3 ||    10
       Potion            |       |     1 ||     1
 Stab: Sleeping          |     1 |     1 ||     2
Armor: Skin              |    26 |     2 ||    28
Dodge: Dodged            |    90 |    16 ||   106

Table legend: (Time is in decaauts)
 A = Elapsed time spent in this place.
 B = Non-inter-level travel time spent in this place.
 C = Inter-level travel time spent in this place.
 D = Time resting spent in this place.
 E = Time spent auto-exploring this place.
 F = Levels seen in this place.
 G = Mean time per level.
                   A        B        C        D        E       F      G
               +--------+--------+--------+--------+--------+-----+--------+
         Total |   2672 |   2490 |    182 |     54 |   1958 |   4 |  668.0 |
       Dungeon |   2672 |   2490 |    182 |     54 |   1958 |   4 |  668.0 |
               +--------+--------+--------+--------+--------+-----+--------+

Top non-repeatable levels by time:
     D:2: 878 daAuts
     D:1: 807 daAuts
     D:3: 707 daAuts
     D:4: 278 daAuts
